 Dungeon Crawl Stone Soup version 0.20.1-1-g8b1a95d (webtiles) character file.

18 Gargoyl the Skirmisher (level 2, 0/27 HPs)
             Began as a Minotaur Abyssal Knight on Aug 30, 2017.
             Was a Follower of Lugonu.
             Slain by a frilled lizard (3 damage)
             ... on level 1 of the Dungeon.
             The game lasted 00:01:28 (532 turns).

Gargoyl the Skirmisher (Minotaur Abyssal Knight)     Turns: 532, Time: 00:01:30

Health: 0/27       AC:  3    Str: 18    XL:     2   Next: 51%
Magic:  2/2        EV: 10    Int:  9    God:    Lugonu [*.....]
Gold:   3          SH:  3    Dex: 11    Spells: 1/1 levels left

rFire    . . .     SeeInvis .   a - +1 hand axe
rCold    . . .     Gourm    .   e - +0 buckler
rNeg     . . .     Faith    .   b - +0 leather armour
rPois    .         Spirit   .   (helmet restricted)
rElec    .         Reflect  .   (no cloak)
rCorr    .         Harm     .   (no gloves)
MR       .....     Rnd*Rage +   (no boots)
Stlth    +.........             (no amulet)
Regen    0.1/turn               (no ring)
MPRegen  0.1/turn               (no ring)

@: no status effects
A: retaliatory headbutt, horns 2, agile 1, berserk 1, sense surroundings 1,
strong 1, MP-powered wands
a: Depart the Abyss, Renounce Religion


You were on level 1 of the Dungeon.
You worshipped Lugonu.
Lugonu was aware of your devotion.
You were not hungry.

You visited 1 branch of the dungeon, and saw 1 of its levels.
You visited the Abyss 1 time.

You collected 3 gold pieces.

Inventory:

Hand Weapons
 a - a +1 hand axe (weapon)
Armour
 b - a +0 leather armour (worn)
 e - a +0 buckler (worn)
Scrolls
 g - a scroll of teleportation {unknown}
 h - 2 scrolls of identify {unknown}
Potions
 f - 2 potions of invisibility {unknown}
Comestibles
 c - a bread ration


   Skills:
 + Level 4.2 Fighting
 + Level 2.6 Axes
 * Level 2.9 Armour
 + Level 1.1 Dodging
 * Level 1.8 Invocations


You had one spell level left.
You didn't know any spells.

Dungeon Overview and Level Annotations

Branches:
Dungeon (1/15)

Altars:

Annotations:
D:1 1 runed door


Innate Abilities, Weirdness & Mutations

You reflexively headbutt those who attack you in melee.
You have a pair of horns on your head.
You are agile. (Dex +2)
You tend to lose your temper in combat.
You passively map a small area around you.
Your muscles are strong. (Str +2)
You expend magic power (3 MP) to strengthen your wands.


Message History

You barely miss the hobgoblin.
You headbutt the hobgoblin, but do no damage.
The hobgoblin is almost dead.
You block the hobgoblin's attack.
Unknown command.
You closely miss the hobgoblin. Your headbutt misses the hobgoblin.
The hobgoblin is almost dead.
The hobgoblin closely misses you.
You barely miss the hobgoblin.
The hobgoblin is almost dead.
You hit the frilled lizard. The hobgoblin hits you with a club.
* * * LOW HITPOINT WARNING * * *
The frilled lizard barely misses you.
You barely miss the hobgoblin.
The hobgoblin is almost dead.
You hit the frilled lizard but do no damage.
The hobgoblin hits you with a club.
* * * LOW HITPOINT WARNING * * *
The frilled lizard bites you.
You die...

### ##.## ##...####### *
#........... ,
##...########## *
##............ ,
############..##########
........)##...........##
,
......g@†...............
######l###+#######'###..
* * #.#..⌠...>...⌠..#.#
, , *#.#......<......#.#
, * *#.+⌠....###)...⌠+..
, #.#.............#.. ,
* #.#######+#######.. #.
,,.r.rJ,, #.. ....Jsw,,
#..


You could see a hobgoblin and a frilled lizard.

Vanquished Creatures
  A dart slug (D:1)
  A leopard gecko (D:1)
  3 bats (D:1)
  A giant cockroach (D:1)
  4 goblins (D:1)
  2 kobolds (D:1)
  A frilled lizard (D:1)
  A rat (D:1)
14 creatures vanquished.

Notes
Turn   | Place    | Note
-------+----------+-------------------------------------------
     0 | Abyss:1  | Gargoyl the Minotaur Abyssal Knight began the quest for the Orb.
     0 | Abyss:1  | Reached XP level 1. HP: 19/19 MP: 1/1
   124 | Abyss:1  | Noticed a small abomination
   124 | Abyss:1  | Noticed a starcursed mass
   130 | Abyss:1  | Gained mutation: You are agile. (Dex +2) [potion of mutation]
   130 | Abyss:1  | Gained mutation: You have large cloven feet. [potion of mutation]
   130 | Abyss:1  | Gained mutation: You tend to lose your temper in combat. [potion of mutation]
   130 | Abyss:1  | Gained mutation: Your flesh is heat resistant. (rF+) [potion of mutation]
   134 | D:1      | Escaped the Abyss
   136 | D:1      | Found a runed door.
   171 | D:1      | Lost mutation: You have large cloven feet. [potion of mutation]
   171 | D:1      | Lost mutation: Your flesh is heat resistant. (rF+) [potion of mutation]
   171 | D:1      | Gained mutation: Your muscles are strong. (Str +2) [potion of mutation]
   171 | D:1      | Gained mutation: You expend magic power (3 MP) to strengthen your wands. [potion of mutation]
   171 | D:1      | Gained mutation: You passively map a small area around you. [potion of mutation]
   385 | D:1      | Reached XP level 2. HP: 27/27 MP: 2/2
   386 | D:1      | Reached skill level 4 in Fighting
   421 | D:1      | Reached * piety under Lugonu
   532 | D:1      | Slain by a frilled lizard

Skill      XL: |  1  2 |
---------------+-------+-----
Fighting       | 4 |  4.2
Axes           | |  2.6
Armour         | |  2.9
Dodging        | |  1.1
Invocations    | |  1.8

Action                   || total
-------------------------++-------
Melee: Hand axe          ||    29
       Headbutt          ||     3
       Kick              ||     1
Invok: Depart the Abyss  ||     1
  Use: Potion            ||     3
       Scroll            ||     2
 Stab: Sleeping          ||     1
Armor: Leather armour    ||     7
Dodge: Dodged            ||    22
Block: Buckler           ||     3
